 Dungeon Crawl Stone Soup version 0.18-a0-1748-g7377c14 (webtiles) character file.

251 namelastname112 the Caller (level 5, -1/41 HPs)
             Began as a Draconian Summoner on Apr 13, 2016.
             Slain by a giant frog (4 damage)
             ... in a sewer.
             The game lasted 00:09:33 (3573 turns).

namelastname112 the Caller (Draconian Summoner)     Turns: 3573, Time: 00:09:34

Health: -1/41      AC:  6    Str: 13 (15) XL:     5   Next: 88%
Magic:  5/8        EV: 13    Int: 19 (22) God:
Gold:   135        SH:  0    Dex:  9 (11) Spells: 3 memorised, 2 levels left

rFire  . . .     SeeInvis .     g - +1 dagger (pain)
rCold  . . .     Gourm    .     (armour unavailable)
rNeg   . . .     Faith    .     (no shield)
rPois  .         Spirit   .     (helmet restricted)
rElec  .         Dismiss  .     (no cloak)
rCorr  .         Reflect  .     f - +0 pair of gloves
SustAt .         Harm     .     (no boots)
MR     .....                    (no amulet)
Stlth  +.........               (no ring)
                                (no ring)

@: mighty, brilliant, not resistant to hostile enchantments, very unstealthy
A: unfitting armour, cold-blooded, AC +5
a: no special abilities


You were in a sewer.
You were not hungry.

You visited 1 branch of the dungeon, and saw 3 of its levels.
You also visited: Sewer.

You collected 135 gold pieces.

Inventory:

Hand Weapons
 g - a +1 dagger of pain (weapon)
Armour
 f - a +0 pair of gloves (worn)
Scrolls
 e - 5 scrolls of identify {unknown}
 i - a scroll of noise {unknown}
 j - 4 scrolls of teleportation {unknown}
 k - a scroll of enchant weapon {unknown}
 q - 2 scrolls of magic mapping {unknown}
 r - a scroll of enchant armour {unknown}
 s - a scroll of recharging {unknown}
 t - a scroll of fear {unknown}
 u - a scroll of fog {unknown}
Potions
 h - a potion of lignification {unknown}
 l - 3 potions of flight
 m - a potion of haste {unknown}
 x - 2 potions of magic
Books
 a - a book of Callings

   Spells                             Type                      Level
   a - Summon Small Mammal            Summoning                    1
   b - Call Imp                       Summoning                    2
   c - Call Canine Familiar           Summoning                    3
   d - Summon Guardian Golem          Hexes/Summoning              3
   e - Summon Lightning Spire         Summoning/Air                4
   f - Summon Ice Beast               Ice/Summoning                4
Comestibles
 b - 2 bread rations
 o - a beef jerky
 p - a chunk of flesh


   Skills:
 * Level 2.0 Fighting
 + Level 0.8 Short Blades
 + Level 3.7 Dodging
 - Level 1.7 Stealth
 + Level 2.4 Spellcasting
 * Level 5.3 Summonings


You had 2 spell levels left.
You knew the following spells:

 Your Spells              Type           Power        Failure   Level  Hunger
a - Summon Small Mammal   Summ           ####         1%          1    #......
b - Call Canine Familiar  Summ           ####....     1%          3    ###....
x - Call Imp              Summ           ####....     1%          2    ##.....


Dungeon Overview and Level Annotations

Branches:
Dungeon (3/15)

Altars:


Innate Abilities, Weirdness & Mutations

Your plain brown scales are hard (AC +5).
Your body does not fit into most forms of armour.
You are cold-blooded and may be slowed by cold attacks.


Message History

Your unstable footing causes you to fumble your attack.
The giant frog closely misses you.
Your crimson imp hits the giant frog.
The giant frog hits you. x2
* * * LOW HITPOINT WARNING * * *
You take 6 damage, and have 8/41 hp.
You swap places.
The giant frog hits you.
* * * LOW HITPOINT WARNING * * *
Your crimson imp barely misses the giant frog.
The giant frog closely misses your crimson imp.
The giant frog barely misses you.
Your crimson imp hits the giant frog.
The giant frog hits your crimson imp.
You take 5 damage, and have 3/41 hp.
The giant frog hits your crimson imp. The giant frog misses you.
Your crimson imp closely misses the giant frog.
Your crimson imp gestures.
Your crimson imp blinks!
The giant frog hits your crimson imp!
Your crimson imp dies!
The giant frog hits you.
You die...

##### ##..# .'..# .####
..#####################+#
...≈≈≈≈≈≈≈≈≈§≈≈≈≈F≈≈≈...#
...≈≈≈≈≈≈≈≈≈≈≈≈≈≈5≈≈≈....
....≈≈≈≈≈≈≈≈≈≈≈≈F≈≈≈≈....
...≈≈≈≈≈≈≈≈≈≈≈≈≈@≈≈≈.....
...≈≈≈≈≈≈≈†≈≈≈≈≈≈≈≈≈≈....
##.≈≈≈≈≈≈≈≈≈≈≈≈≈≈≈≈≈....#
########################


You could see 2 giant frogs and a friendly crimson imp.

Vanquished Creatures
  Ijyb (D:3)
  Jessica (D:3)
  5 adders
  A worm (D:2)
  2 dart slugs
  3 giant geckos
  3 ball pythons (Sewer)
  A giant cockroach (D:3)
  5 goblins
  8 hobgoblins
  3 jackals
  13 bats
  2 giant newts (D:1)
  5 kobolds
  4 rats
57 creatures vanquished.

Vanquished Creatures (collateral kills)
  7 river rats (Sewer)
  7 adders
  An ooze (Sewer)
  A worm (D:3)
  6 ball pythons (Sewer)
  A giant cockroach (D:1)
  A goblin (D:3)
  A hobgoblin (D:1)
  4 jackals
  A kobold (D:1)
  2 bats
  2 giant newts (Sewer)
  21 rats
55 creatures vanquished.

Grand Total: 112 creatures vanquished

Notes
Turn   | Place    | Note
--------------------------------------------------------------
     0 | D:1      | namelastname112 the Draconian Summoner began the quest for the Orb.
     0 | D:1      | Reached XP level 1. HP: 14/14 MP: 3/3
   245 | D:1      | crauler: да я сам, лол. как смотреть так все видно
   371 | D:1      | Reached XP level 2. HP: 8/20 MP: 3/5
   381 | D:1      | crauler: с нагой чеи на д1, сдох от гноллей вроде с двумя блинками
   381 | D:1      | crauler: чеи на д1, сдох не на д1
  1036 | D:1      | Learned a level 2 spell: Call Imp
  1168 | D:1      | Reached XP level 3. HP: 25/27 MP: 6/6
  1176 | D:1      | namelastname112: бля
  1176 | D:1      | namelastname112: меня бесит, что я не могу поставить тайл, который хочу
  1176 | D:1      | namelastname112: потому что мобы-драконы юзают два разных тайла
  1597 | D:2      | crauler: Draconian Summonner или как его там?
  1657 | D:2      | crauler: кллер
  1657 | D:2      | namelastname112: caller
  1657 | D:2      | namelastname112: да
  2099 | D:2      | Reached XP level 4. HP: 16/34 MP: 7/7
  2454 | D:3      | Noticed Ijyb
  2496 | D:3      | Killed Ijyb
  2552 | D:3      | Noticed Jessica
  2561 | D:3      | Killed Jessica
  2561 | D:3      | Reached skill level 1 in Fighting
  2866 | D:3      | Found a glowing drain.
  2874 | Sewer    | Entered a sewer
  2932 | Sewer    | Learned a level 3 spell: Call Canine Familiar
  2953 | Sewer    | Reached XP level 5. HP: 31/40 MP: 1/8
  3106 | Sewer    | Reached skill level 5 in Summonings
  3573 | Sewer    | Slain by a giant frog

Vault maps used:
D:1:      eino_arrival_tree_alley
D:3:      gup_sewer_entry_pipe, uniq_terence, uniq_jessica, uniq_iyjb
Sewer:    sewer_minmay_w

Skill      XL: |  1  2  3  4  5 |
---------------+----------------+-----
Dodging        | 2 3 |  3.7
Fighting       | 1 2 |  2.0
Summonings     | 5 |  5.3
Short Blades   | |  0.8
Stealth        | |  1.7
Spellcasting   | |  2.4

Action                   |  1- 3 |  4- 6 || total
-------------------------+-------+-------++-------
Melee: Spear             |    21 |       ||    21
       Unarmed           |    12 |       ||    12
       Tailslap          |    20 |     8 ||    28
       Dagger            |   151 |   145 ||   296
 Cast: Summon Small Mamm |     8 |       ||     8
       Call Imp          |     2 |    26 ||    28
  Use: Potion            |       |     7 ||     7
 Stab: Sleeping          |     1 |     1 ||     2
       Distracted        |     1 |       ||     1
  Eat: Chunk             |     4 |     2 ||     6
       Meat ration       |       |     1 ||     1
Armor: Skin              |    89 |    96 ||   185
Dodge: Dodged            |   170 |   180 ||   350
